 Dungeon Crawl Stone Soup version 0.20-a0-537-g052e6ba (webtiles) character file.

4377 tsouns the Slinger (level 10, -2/69 HPs)
             Began as a Halfling Wanderer on Jan 28, 2017.
             Was an Elder of Okawaru.
             Slain by a two-headed ogre
             ... wielding a +0 giant spiked club
              (21 damage)
             ... on level 8 of the Dungeon.
             The game lasted 00:35:59 (10254 turns).

tsouns the Slinger (Halfling Wanderer)             Turns: 10254, Time: 00:36:00

Health: -2/69      AC: 11    Str: 15    XL:     10   Next: 60%
Magic:  0/11       EV: 12    Int:  9    God:    Okawaru [****..]
Gold:   338        SH:  7    Dex: 17    Spells: 7/9 levels left

rFire    . . .     SeeInvis .   N - +1 hand axe (freeze)
rCold    . . .     Gourm    .   L - +3 ring mail
rNeg     . . .     Faith    .   v - +0 buckler
rPois    +         Spirit   +   B - +0 helmet
rElec    .         Reflect  .   A - +1 cloak
rCorr    .         Harm     .   (no gloves)
MR       .....                  (no boots)
Stlth    ++........             i - amulet of guardian spirit
Regen    0.3/turn               (no ring)
                                F - ring of poison resistance

@: no status effects
A: mutation resistance 1
a: Heroism, Renounce Religion


You were on level 8 of the Dungeon.
You worshipped Okawaru.
Okawaru was greatly pleased with you.
You were not hungry.

You visited 2 branches of the dungeon, and saw 9 of its levels.

You collected 468 gold pieces.
You spent 130 gold pieces at shops.

Inventory:

Hand Weapons
 a - a +2 hand crossbow
 p - a +0 hand axe
 t - a +1 hunting sling
 N - a +1 hand axe of freezing (weapon)
Missiles
 b - 25 bolts
 c - 6 sling bullets
 k - a throwing net
 o - 2 curare-tipped needles
 u - 199 stones (quivered)
 C - 7 tomahawks
Armour
 v - a +0 buckler (worn)
 A - a +1 cloak (worn)
 B - a +0 helmet (worn)
 L - a +3 ring mail (worn)
Jewellery
 i - an amulet of guardian spirit (around neck)
 D - an uncursed amulet of faith
 F - a ring of poison resistance (left hand)
 I - an uncursed amulet of the gourmand
Wands
 h - a wand of polymorph (21/24)
 x - a wand of disintegration (0/24)
Scrolls
 d - 5 scrolls of teleportation
 l - 2 scrolls of amnesia
 n - 2 scrolls of remove curse
 r - a scroll of fear
Potions
 z - a potion of cancellation
 G - 3 potions of cure mutation
 J - 2 potions of flight
 M - a potion of brilliance
Books
 e - a book of Cantrips

   Spells                             Type                      Level
   a - Confusing Touch                Hexes                        1
   b - Animate Skeleton               Necromancy                   1
   c - Summon Small Mammal            Summoning                    1
   d - Apportation                    Translocation                1
Comestibles
 g - 4 bread rations
 j - 4 meat rations
 m - 4 chunks of flesh
 E - 5 fruits


   Skills:
 + Level 6.9 Fighting
 * Level 8.5(8.6) Axes
   Level 1.7(5.2) Polearms
 + Level 9.7 Slings
 - Level 3.7 Crossbows
 - Level 1.1 Armour
 - Level 2.4 Stealth
 - Level 5.9 Shields
 - Level 2.6 Invocations
 - Level 1.0 Evocations


You had 7 spell levels left.
You knew the following spells:

 Your Spells              Type           Power        Failure   Level  Hunger
a - Animate Skeleton      Necr           N/A          80%         1    ##.....
b - Apportation           Tloc           #.....       80%         1    ##.....


Dungeon Overview and Level Annotations

Branches:
Dungeon (8/15)             Temple (1/1) D:4
   Lair: D:8-11

Altars:
Ashenzari
Cheibriados
Dithmenos
Elyvilon
Fedhas
Gozag
Hepliaklqana
Kikubaaqudgha
Makhleb
Nemelex Xobeh
Okawaru
Qazlal
Ru
Trog
Uskayaw
Vehumet
Xom
Yredelemnul
Zin
The Shining One

Shops:
D:5 *   D:8 (


Innate Abilities, Weirdness & Mutations

You are small and have problems with some larger weapons.
You are somewhat resistant to further mutation.


Message History

The two-headed ogre hits you with a giant spiked club! x2
* * * LOW HITPOINT WARNING * * *
There is a stone staircase leading up here.
Okay, then.
Evoke which item? (* to show all) (? for menu, Esc to quit)
Okay, then.
It was a potion of heal wounds.
You feel much better. You block the two-headed ogre's attack.
The two-headed ogre hits you with a giant spiked club!
You slash the two-headed ogre! You freeze the two-headed ogre.
The two-headed ogre is almost dead.
You hit the two-headed ogre. You freeze the two-headed ogre.
The two-headed ogre is almost dead.
You block the two-headed ogre's attack. x2
You completely miss the two-headed ogre.
The two-headed ogre is almost dead.
The two-headed ogre hits you with a giant spiked club.
* * * LOW HITPOINT WARNING * * *
The two-headed ogre hits you with a giant spiked club!!
You die...

##...∩## #..#...
##..... .....# .....#
#...# .. ####..#
.######..O@.#
............##
.............##
(.(((.(..........
###..#............##
##...##.!.......#..#
#..<##..............#
#..Z##..........%#.#.#
...##
..............#..


You could see a two-headed ogre.

Vanquished Creatures
  An unseen horror (D:7)
  Grinder (D:6)
  2 hungry ghosts (D:7)
  Edmund (D:6)
  2 sky beasts
  3 ice beasts
  An orc warrior (D:6)
  2 phantoms
  4 ogres
  2 centaurs (D:7)
  A big kobold (D:6)
  2 bullfrogs (D:6)
  A scorpion (D:7)
  10 wights
  3 crimson imps
  3 jellies
  7 hounds
  4 orc priests (D:6)
  2 centaur skeletons
  3 orc wizards
  4 iguanas
  Ijyb (D:1)
  9 worker ants
  2 killer bee zombies (D:7)
  10 gnolls
  A howler monkey skeleton (D:6)
  10 adders
  An ooze (D:4)
  2 adder skeletons
  2 worms
  9 leopard geckos
  24 orcs
  4 ball pythons
  4 bats
  8 giant cockroaches
  9 hobgoblins
  5 jackals
  8 kobolds
  4 quokkas
  6 frilled lizards
  12 goblins
  A leopard gecko skeleton (D:8)
  7 rats
198 creatures vanquished.

Notes
Turn   | Place    | Note
-------+----------+-------------------------------------------
     0 | D:1      | tsouns the Halfling Wanderer began the quest for the Orb.
     0 | D:1      | tsouns set off with: a +2 hand crossbow, 23 bolts, a potion of curing, a scroll of teleportation, a +0 robe, a +0 dagger, a bread ration
     0 | D:1      | Reached XP level 1. HP: 13/13 MP: 1/1
    99 | D:1      | Reached XP level 2. HP: 18/18 MP: 2/2
   209 | D:1      | Reached XP level 3. HP: 24/24 MP: 3/3
   825 | D:2      | Noticed Ijyb
   865 | D:1      | Killed Ijyb
   865 | D:1      | Reached skill level 1 in Slings
   865 | D:1      | Reached XP level 4. HP: 12/30 MP: 4/4
  1062 | D:2      | Reached skill level 2 in Slings
  1088 | D:2      | Found an opulent altar of Gozag.
  1557 | D:2      | Reached skill level 3 in Slings
  1560 | D:2      | Reached XP level 5. HP: 6/36 MP: 5/5
  2229 | D:2      | Found a burning altar of Makhleb.
  2393 | D:2      | Reached skill level 4 in Slings
  2835 | D:3      | Reached XP level 6. HP: 42/42 MP: 6/6
  3243 | D:3      | Found a sacrificial altar of Ru.
  3307 | D:3      | Found a shimmering altar of Xom.
  3526 | D:3      | Found a stormy altar of Qazlal.
  3785 | D:4      | Reached skill level 1 in Axes
  4033 | D:4      | Noticed an ogre
  4042 | D:4      | Killed an ogre
  4042 | D:4      | Reached skill level 5 in Slings
  4048 | D:4      | Noticed an ogre
  4376 | D:4      | Reached XP level 7. HP: 45/47 MP: 7/7
  4482 | D:4      | Found a staircase to the Ecumenical Temple.
  4491 | Temple   | Entered the Ecumenical Temple
  4562 | Temple   | Became a worshipper of Warmaster Okawaru
  5274 | D:5      | Entered Level 5 of the Dungeon
  5364 | D:5      | Reached skill level 6 in Slings
  5632 | D:5      | Found Loulot's General Store.
  5640 | D:5      | Bought a scroll of identify for 20 gold pieces
  5640 | D:5      | Bought 2 potions of flight for 60 gold pieces
  5640 | D:5      | Bought a potion of lignification for 30 gold pieces
  5640 | D:5      | Bought a scroll of identify for 20 gold pieces
  5664 | D:5      | Reached XP level 8. HP: 41/54 MP: 4/8
  5699 | D:5      | Gained mutation: You have a pair of small antennae on your head. [potion of mutation]
  5699 | D:5      | Gained mutation: Your muscles are strong. (Str +2) [potion of mutation]
  5699 | D:5      | Gained mutation: Armour fits poorly on your strangely shaped body. [potion of mutation]
  5700 | D:5      | Lost mutation: Your muscles are strong. (Str +2) [potion of cure mutation]
  5700 | D:5      | Lost mutation: Armour fits poorly on your strangely shaped body. [potion of cure mutation]
  5700 | D:5      | Lost mutation: You have a pair of small antennae on your head. [potion of cure mutation]
  5743 | D:5      | Reached skill level 1 in Shields
  6015 | D:5      | Reached * piety under Okawaru
  6107 | D:6      | Noticed Grinder
  6115 | D:6      | Paralysed by Grinder for 5 turns
  6125 | D:6      | Killed Grinder
  6125 | D:6      | Reached skill level 7 in Slings
  6134 | D:6      | Noticed Edmund
  6162 | D:6      | Reached skill level 5 in Fighting
  6440 | D:6      | Reached XP level 9. HP: 27/61 MP: 3/9
  6677 | D:6      | Found a glowing golden altar of the Shining One.
  6681 | D:6      | Reached ** piety under Okawaru
  6712 | D:6      | Reached skill level 1 in Invocations
  6781 | D:6      | Found a bloodstained altar of Trog.
  6827 | D:6      | Reached skill level 5 in Axes
  7040 | D:6      | Killed Edmund
  7124 | D:6      | Reached skill level 5 in Shields
  7403 | D:6      | Reached skill level 8 in Slings
  7778 | D:6      | Found a blossoming altar of Fedhas.
  8190 | D:7      | Learned a level 1 spell: Animate Skeleton
  8192 | D:7      | Learned a level 1 spell: Apportation
  8271 | D:7      | Reached *** piety under Okawaru
  8654 | D:7      | Found an ancient bone altar of Kikubaaqudgha.
  8743 | D:7      | Reached XP level 10. HP: 56/68 MP: 9/11
  9156 | D:7      | HP: 5/102 [something (3)]
  9157 | D:7      | Killed an unseen horror
  9157 | D:7      | Received a gift from Okawaru
  9157 | D:7      | Reached skill level 9 in Slings
  9161 | D:7      | HP: 5/103 [poisoned by a wight]
  9166 | D:7      | HP: 5/103 [wight/spear (1)]
  9682 | D:7      | Found a shadowy altar of Dithmenos.
  9834 | D:7      | Reached **** piety under Okawaru
 10177 | D:8      | Noticed a two-headed ogre
 10231 | D:8      | Found Geatil's Weapon Boutique.
 10254 | D:8      | Slain by a two-headed ogre

Vault maps used:
D:1:      saegor_arrival_simple_c, wad_floor_pattern_2
D:2:      grunt_gozag_breadcrumbs, lemuel_coloured_pillars_altar, uniq_iyjb
D:3:      hangedman_ru_absence, old_standard_altar, lemuel_crystal_altar,
          first_bread, minmay_close_crescents
D:4:      minmay_temple_entry_hall, lightli_sewer_entry_pipes
D:5:      serial_shops, shop
D:6:      tso_oasis_becter, lemuel_crystal_altar, lemuel_crystal_altar,
          uniq_edmund, uniq_grinder
D:7:      grunt_dithmenos_shadows, lemuel_crystal_altar,
          minmay_misc_feat_ornament
D:8:      serial_shops, shop, uniq_psyche
Temple:   cyrus_temple_forest

Skill      XL: |  1  2  3  4  5  6  7  8  9 10 |
---------------+-------------------------------+-----
Fighting       | 2 3 4 5 6 |  6.9
Slings         | 1 3 4 5 6 7 8 9 |  9.7
Axes           | 2 3 4 6 8 |  8.5
Shields        | 4 5 |  5.9
Invocations    | 2 |  2.6
Polearms       | |  1.7
Crossbows      | |  3.7
Armour         | |  1.1
Stealth        | |  2.4
Evocations     | |  1.0

Action                   |  1- 3 |  4- 6 |  7- 9 | 10-12 || total
-------------------------+-------+-------+-------+-------++-------
Melee: Spear             |     1 |    19 |       |       ||    20
       Hand axe          |       |       |   313 |    82 ||   395
       Hunting sling     |       |       |     1 |     1 ||     2
 Fire: Hand crossbow     |    52 |    62 |     7 |    15 ||   136
       Hunting sling     |     2 |   192 |   326 |   125 ||   645
Throw: Stone             |       |     7 |       |     3 ||    10
Invok: Heroism           |       |       |     3 |     1 ||     4
Evoke: Wand              |       |       |     4 |     2 ||     6
  Use: Potion            |     1 |       |     8 |     4 ||    13
       Scroll            |       |    11 |     7 |     5 ||    23
 Stab: Sleeping          |     1 |       |     1 |       ||     2
  Eat: Chunk             |       |     6 |     5 |     8 ||    19
       Royal jelly       |       |     2 |       |     1 ||     3
       Bread ration      |       |       |     1 |       ||     1
       Meat ration       |       |       |     1 |       ||     1
Armor: Robe              |     5 |    20 |    12 |       ||    37
       Ring mail         |       |       |    87 |    56 ||   143
       Chain mail        |       |       |    16 |       ||    16
       Skin              |       |       |       |    20 ||    20
Dodge: Dodged            |    10 |   104 |   189 |    48 ||   351
Block: Buckler           |       |       |    92 |    41 ||   133
